General information
- name: BNet
- type: Ladder team game (AT/RT)
- host: Battle.net
- saver: ElfIsNoobRace
map: FullScaleAssault
- players: 8
- length: 43:43
- speed: Fast
- version: 1.26 W3XP
- replay type: Public
» download(259 KB)
Players
team 1 (loser)
AWitchMayWeBurn (
green | 69 APM | 3017 actions | 43:43)
10 Warden
3 Fan of Knives
3 Blink
3 Shadow Strike
1 Spirit of Vengeance
1 Death Knight
1 Death Pact
1 Lich
1 Death and Decay
» actions
| Assign group hotkey | 93 | |
| Basic commands | 42 | |
| Build / train | 101 | |
| Enter build submenu | 39 | |
| Enter hero's abilities submenu | 12 | |
| Give item / drop item | 7 | |
| Right click | 1796 | |
| Select / deselect | 289 | |
| Select group hotkey | 218 | |
| Use ability | 420 | |
3017 total
» units
| Wisp | 52 | |
| Archer | 5 | |
| Goblin Sapper | 9 | |
| Goblin Zeppelin | 2 | |
| Blue Dragon | 1 | |
69 total
» upgrades
» buildings
| Moon Well | 96 | |
| Altar of Elders | 1 | |
| Ancient of War | 1 | |
| Tree of Life | 2 | |
| Tree of Ages | 1 | |
| Hunter's Hall | 1 | |
| Tree of Eternity | 1 | |
| Ancient Protector | 8 | |
| Ancient of Wonders | 1 | |
112 total
» build order
00:14 Moon Well
00:48 Altar of Elders
00:57 Moon Well
01:40 Ancient of War
02:19 Moon Well
02:59 Moon Well
03:35 Moon Well
04:47 Tree of Life
05:20 Tree of Ages
06:02 Hunter's Hall
07:36 Moon Well
07:37 Moon Well
07:37 Moon Well
07:37 Moon Well
07:38 Moon Well
07:39 Moon Well
09:13 Tree of Eternity
09:19 Ancient Protector
09:19 Ancient Protector
09:20 Ancient Protector
09:21 Ancient Protector
09:21 Ancient Protector
09:21 Ancient Protector
10:00 Moon Well
10:01 Moon Well
10:02 Moon Well
10:02 Moon Well
10:03 Moon Well
10:03 Moon Well
10:04 Moon Well
10:04 Moon Well
13:30 Moon Well
13:30 Moon Well
13:31 Moon Well
13:31 Moon Well
13:32 Moon Well
13:32 Moon Well
13:32 Moon Well
13:33 Moon Well
13:33 Moon Well
13:34 Moon Well
13:34 Moon Well
13:34 Moon Well
13:35 Moon Well
13:35 Moon Well
16:18 Moon Well
16:18 Moon Well
16:19 Moon Well
16:19 Moon Well
16:20 Moon Well
16:22 Moon Well
16:22 Moon Well
16:23 Moon Well
16:23 Moon Well
16:43 Ancient of Wonders
19:01 Moon Well
19:02 Moon Well
19:02 Moon Well
19:03 Moon Well
19:03 Moon Well
19:03 Moon Well
19:03 Moon Well
19:04 Moon Well
19:04 Moon Well
19:04 Moon Well
19:05 Moon Well
19:05 Moon Well
19:06 Moon Well
24:01 Moon Well
24:01 Moon Well
24:03 Moon Well
24:03 Moon Well
24:04 Moon Well
24:05 Moon Well
24:52 Moon Well
24:53 Moon Well
24:53 Moon Well
24:53 Moon Well
24:57 Moon Well
24:57 Moon Well
24:57 Moon Well
24:58 Moon Well
24:58 Moon Well
24:58 Moon Well
24:59 Moon Well
27:55 Moon Well
27:55 Moon Well
27:55 Moon Well
27:56 Moon Well
27:56 Moon Well
27:57 Moon Well
27:57 Moon Well
27:57 Moon Well
27:58 Moon Well
27:58 Moon Well
28:54 Tree of Life
» items
| Staff of Teleportation | 1 | |
| Potion of Invisibility | 2 | |
| Scroll of Town Portal | 8 | |
| Orb of Corruption | 1 | |
| Periapt of Vitality | 2 | |
14 total
ElfIsNoobRace (
orange | 75 APM | 3282 actions | 43:43)
8 Priestess of the Moon
3 Searing Arrows
3 Trueshot Aura
1 Starfall
1 Scout
1 Death Knight
1 Unholy Aura
1 Lich
1 Frost Armor
» actions
| Assign group hotkey | 104 | |
| Basic commands | 217 | |
| Build / train | 188 | |
| Enter build submenu | 73 | |
| Enter hero's abilities submenu | 10 | |
| Remove unit from queue | 8 | |
| Right click | 1133 | |
| Select / deselect | 593 | |
| Select group hotkey | 781 | |
| Use ability | 175 | |
3282 total
» units
| Wisp | 62 | |
| Archer | 7 | |
| Goblin Zeppelin | 7 | |
| Dryad | 11 | |
| Goblin Shredder | 2 | |
| Mountain Giant | 1 | |
90 total
» upgrades
| Strength of the Moon | 3 | |
| Moon Armor | 3 | |
| Nature's Blessing | 2 | |
| Well Spring | 1 | |
| Strength of the Wild | 3 | |
| Reinforced Hides | 3 | |
| Ultravision | 1 | |
| Abolish Magic | 1 | |
| Backpack | 1 | |
| Hardened Skin | 1 | |
| Resistant Skin | 1 | |
| Druid of the Claw Training | 2 | |
| Improved Bows | 1 | |
| Marksmanship | 1 | |
| Sentinel | 1 | |
| Upgrade Moon Glaive | 1 | |
| Vorpal Blades | 1 | |
27 total
» buildings
| Altar of Elders | 1 | |
| Moon Well | 51 | |
| Ancient of War | 2 | |
| Hunter's Hall | 1 | |
| Tree of Life | 9 | |
| Tree of Ages | 8 | |
| Ancient Protector | 18 | |
| Tree of Eternity | 2 | |
| Ancient of Lore | 4 | |
| Ancient of Wonders | 1 | |
| Ziggurat | 7 | |
| Tomb of Relics | 1 | |
| Spirit Tower | 13 | |
| Nerubian Tower | 4 | |
122 total
» build order
00:40 Altar of Elders
00:42 Moon Well
00:53 Ancient of War
01:42 Moon Well
02:29 Ancient of War
02:41 Hunter's Hall
03:56 Tree of Life
04:30 Tree of Ages
04:30 Tree of Ages
04:30 Tree of Ages
04:30 Tree of Ages
04:58 Moon Well
05:52 Ancient Protector
09:18 Ancient Protector
09:31 Ancient Protector
10:38 Ancient Protector
11:43 Tree of Life
12:49 Tree of Ages
15:15 Tree of Eternity
15:15 Tree of Eternity
16:04 Ancient Protector
16:06 Ancient Protector
16:30 Ancient Protector
16:55 Ancient Protector
17:29 Tree of Ages
17:33 Ancient Protector
17:35 Ancient Protector
17:57 Ancient Protector
18:09 Ancient of Lore
18:14 Ancient of Lore
19:11 Ancient Protector
19:13 Ancient Protector
22:11 Moon Well
22:12 Moon Well
23:42 Ancient of Lore
23:46 Ancient of Lore
23:52 Ancient of Wonders
24:48 Tree of Life
26:12 Moon Well
27:29 Ancient Protector
27:50 Ancient Protector
27:58 Ancient Protector
28:01 Ancient Protector
28:34 Ancient Protector
29:26 Moon Well
29:27 Moon Well
29:28 Moon Well
29:29 Moon Well
29:30 Moon Well
29:30 Moon Well
29:32 Moon Well
29:32 Moon Well
30:36 Tree of Life
30:44 Tree of Life
33:07 Moon Well
33:09 Moon Well
33:12 Moon Well
33:13 Moon Well
33:15 Moon Well
33:17 Moon Well
33:17 Moon Well
33:18 Moon Well
33:19 Moon Well
33:20 Moon Well
33:21 Moon Well
33:21 Moon Well
33:21 Moon Well
33:23 Moon Well
33:24 Moon Well
33:24 Moon Well
33:26 Moon Well
33:29 Moon Well
33:30 Moon Well
33:32 Moon Well
33:33 Moon Well
33:34 Moon Well
33:59 Moon Well
34:02 Moon Well
34:04 Moon Well
34:07 Moon Well
34:08 Moon Well
34:10 Moon Well
35:28 Ziggurat
35:30 Ziggurat
35:31 Ziggurat
35:31 Ziggurat
35:32 Ziggurat
35:35 Tomb of Relics
35:42 Ziggurat
35:44 Ziggurat
36:21 Spirit Tower
36:22 Spirit Tower
36:23 Spirit Tower
36:24 Spirit Tower
36:24 Spirit Tower
36:25 Spirit Tower
36:28 Nerubian Tower
36:28 Nerubian Tower
36:31 Spirit Tower
36:31 Spirit Tower
36:35 Spirit Tower
36:40 Nerubian Tower
37:09 Moon Well
37:10 Moon Well
37:12 Moon Well
37:19 Moon Well
37:21 Moon Well
37:22 Moon Well
37:23 Moon Well
37:24 Moon Well
38:12 Tree of Life
38:14 Tree of Life
38:18 Moon Well
38:23 Tree of Life
40:06 Tree of Life
» items
| Periapt of Vitality | 1 | |
| Staff of Teleportation | 1 | |
| Scroll of Town Portal | 1 | |
3 total

»
Agent_Joe (
blue | 47 APM | 1098 actions | 23:22)
1 Archmage
1 Summon Water Elemental
» actions
| Basic commands | 27 | |
| Build / train | 42 | |
| Enter build submenu | 15 | |
| Enter hero's abilities submenu | 1 | |
| Remove unit from queue | 3 | |
| Right click | 778 | |
| Select / deselect | 197 | |
| Use ability | 35 | |
1098 total
» units
» upgrades
» buildings
| Farm | 2 | |
| Altar of Kings | 1 | |
| Scout Tower | 8 | |
| Lumber Mill | 1 | |
| Arcane Tower | 1 | |
| Town Hall | 1 | |
| Guard Tower | 3 | |
17 total
» build order
00:10 Farm
00:15 Altar of Kings
00:51 Farm
01:21 Scout Tower
01:47 Lumber Mill
02:05 Arcane Tower
03:48 Scout Tower
03:54 Scout Tower
04:07 Town Hall
05:44 Scout Tower
05:48 Scout Tower
06:22 Guard Tower
12:46 Scout Tower
12:49 Scout Tower
12:54 Scout Tower
13:13 Guard Tower
13:16 Guard Tower
13:22 Guard Tower
» items

»
AcidicSemen (
purple | 70 APM | 1746 actions | 24:58)
6 Death Knight
3 Death Coil
2 Unholy Aura
1 Animate Dead
3 Lich
2 Frost Nova
1 Frost Armor
» actions
| Assign group hotkey | 62 | |
| Basic commands | 29 | |
| Build / train | 64 | |
| Enter build submenu | 19 | |
| Enter hero's abilities submenu | 10 | |
| Give item / drop item | 3 | |
| Remove unit from queue | 1 | |
| Right click | 651 | |
| Select / deselect | 282 | |
| Select group hotkey | 554 | |
| Use ability | 71 | |
1746 total
» units
| Acolyte | 10 | |
| Ghoul | 3 | |
| Crypt Fiend | 8 | |
| Goblin Shredder | 1 | |
| Goblin Zeppelin | 1 | |
| Frost Wyrm | 7 | |
30 total
» upgrades
| Web | 1 | |
| Burrow | 1 | |
| Creature Attack | 3 | |
| Creature Carapace | 4 | |
| Freezing Breath | 1 | |
10 total
» buildings
| Graveyard | 1 | |
| Crypt | 1 | |
| Ziggurat | 8 | |
| Altar of Darkness | 2 | |
| Tomb of Relics | 1 | |
| Halls of the Dead | 1 | |
| Necropolis | 1 | |
| Black Citadel | 1 | |
| Sacrificial Pit | 1 | |
| Boneyard | 3 | |
| Spirit Tower | 2 | |
| Nerubian Tower | 1 | |
23 total
» build order
00:54 Graveyard
00:56 Crypt
01:02 Ziggurat
01:06 Altar of Darkness
01:10 Altar of Darkness
01:16 Ziggurat
01:57 Tomb of Relics
01:59 Ziggurat
05:56 Ziggurat
06:03 Halls of the Dead
08:38 Necropolis
09:18 Black Citadel
09:21 Sacrificial Pit
11:54 Ziggurat
11:54 Ziggurat
11:55 Ziggurat
11:56 Ziggurat
12:09 Boneyard
12:10 Boneyard
12:12 Boneyard
12:50 Spirit Tower
13:01 Nerubian Tower
13:03 Spirit Tower
» items
| Rod of Necromancy | 1 | |
| Orb of Corruption | 1 | |
| Potion of Healing | 1 | |
| Scroll of Healing | 1 | |
4 total
team 2 (winner)
DOMINATE-WORLD (
teal | 47 APM | 2041 actions | 43:43)
6 Far Seer
3 Feral Spirit
2 Chain Lighting
1 Earth Quake
» actions
| Assign group hotkey | 40 | |
| Basic commands | 44 | |
| Build / train | 89 | |
| Enter build submenu | 23 | |
| Enter hero's abilities submenu | 7 | |
| Give item / drop item | 6 | |
| Remove unit from queue | 1 | |
| Right click | 746 | |
| Select / deselect | 360 | |
| Select group hotkey | 622 | |
| Use ability | 102 | |
2041 total
» units
| Peon | 20 | |
| Grunt | 3 | |
| Goblin Shredder | 3 | |
| Goblin Zeppelin | 9 | |
| Wind Rider | 6 | |
| Blue Dragon | 2 | |
| Goblin Sapper | 2 | |
| Raider | 2 | |
47 total
» upgrades
| Ranged Weapons | 3 | |
| Reinforced Defenses | 1 | |
| Armor | 2 | |
| Envenomed Spears | 1 | |
| Pillage | 1 | |
| Ensnare | 1 | |
9 total
» buildings
| Altar of Storms | 1 | |
| Orc Burrow | 5 | |
| Barracks | 1 | |
| Stronghold | 2 | |
| War Mill | 1 | |
| Great Hall | 3 | |
| Voodoo Lounge | 1 | |
| Fortress | 2 | |
| Beastiary | 5 | |
| Watch Tower | 22 | |
43 total
» build order
00:07 Altar of Storms
00:23 Orc Burrow
00:36 Barracks
01:23 Orc Burrow
03:09 Stronghold
03:45 War Mill
04:08 Great Hall
04:14 Voodoo Lounge
05:43 Fortress
06:02 Beastiary
06:26 Beastiary
06:55 Great Hall
07:43 Beastiary
10:32 Orc Burrow
10:32 Orc Burrow
11:07 Beastiary
11:45 Watch Tower
11:45 Watch Tower
11:46 Watch Tower
11:48 Watch Tower
11:50 Watch Tower
11:50 Watch Tower
12:38 Watch Tower
12:38 Watch Tower
12:39 Watch Tower
12:40 Watch Tower
12:43 Stronghold
13:34 Orc Burrow
14:52 Watch Tower
14:52 Watch Tower
14:53 Watch Tower
14:54 Watch Tower
14:54 Watch Tower
17:50 Watch Tower
17:50 Watch Tower
17:51 Watch Tower
17:56 Watch Tower
18:02 Watch Tower
21:31 Beastiary
24:36 Watch Tower
24:37 Watch Tower
43:27 Great Hall
» items
| Healing Salve | 3 | |
| Tiny Great Hall | 2 | |
| Scroll of Town Portal | 5 | |
| Staff of Teleportation | 1 | |
| Orb of Lightning | 1 | |
| Potion of Healing | 3 | |
| Potion of Mana | 3 | |
| Lesser Clarity Potion | 1 | |
19 total
KILL_ALL_MUSLIM (
yellow | 43 APM | 1209 actions | 28:11)
4 Blademaster
2 Critical Strike
2 Mirror Image
1 Shadow Hunter
1 Healing Wave
» actions
| Build / train | 104 | |
| Enter build submenu | 17 | |
| Enter hero's abilities submenu | 5 | |
| Give item / drop item | 4 | |
| Right click | 630 | |
| Select / deselect | 371 | |
| Use ability | 78 | |
1209 total
» units
| Peon | 12 | |
| Grunt | 9 | |
| Goblin Zeppelin | 4 | |
| Troll Headhunter/Berserker | 15 | |
| Troll Witch Doctor | 7 | |
| Blue Drake | 1 | |
| Goblin Shredder | 1 | |
| Tauren | 3 | |
| Shaman | 2 | |
54 total
» upgrades
| Pillage | 1 | |
| Armor | 2 | |
| Melee Weapons | 2 | |
| Berserker Strength | 1 | |
| Shaman Training | 2 | |
| Witch Doctor Training | 2 | |
| Troll Regeneration | 1 | |
| Berserker Upgrade | 1 | |
| Pulverize | 1 | |
| Ranged Weapons | 2 | |
15 total
» buildings
| Altar of Storms | 1 | |
| Orc Burrow | 6 | |
| Barracks | 2 | |
| Voodoo Lounge | 1 | |
| War Mill | 1 | |
| Stronghold | 1 | |
| Fortress | 1 | |
| Spirit Lodge | 1 | |
| Great Hall | 1 | |
| Watch Tower | 2 | |
| Tauren Totem | 1 | |
18 total
» build order
00:12 Altar of Storms
00:17 Orc Burrow
00:44 Barracks
01:24 Voodoo Lounge
01:52 Orc Burrow
02:11 Barracks
03:49 Orc Burrow
04:50 War Mill
05:13 Stronghold
07:37 Fortress
07:45 Spirit Lodge
08:41 Great Hall
10:06 Orc Burrow
10:27 Watch Tower
11:33 Watch Tower
14:52 Tauren Totem
17:35 Orc Burrow
17:39 Orc Burrow
» items
| Healing Salve | 3 | |
| Scroll of Speed | 2 | |
| Potion of Healing | 3 | |
| Scroll of Town Portal | 1 | |
| Orb of Lightning | 1 | |
| Potion of Lesser Invulnerability | 2 | |
| Staff of Teleportation | 1 | |
| Potion of Mana | 3 | |
| Lesser Clarity Potion | 3 | |
19 total
USMCGSGTHartman (
pink | 43 APM | 1179 actions | 27:36)
3 Dark Ranger
2 Black Arrow
1 Life Drain
1 Death Knight
1 Death Coil
1 Lich
1 Frost Nova
» actions
| Basic commands | 2 | |
| Build / train | 101 | |
| Enter build submenu | 35 | |
| Enter hero's abilities submenu | 5 | |
| Give item / drop item | 2 | |
| Right click | 716 | |
| Select / deselect | 214 | |
| Use ability | 104 | |
1179 total
» units
| Acolyte | 15 | |
| Ghoul | 18 | |
| Goblin Zeppelin | 3 | |
| Goblin Shredder | 3 | |
| Frost Wyrm | 4 | |
43 total
» upgrades
| Creature Carapace | 2 | |
| Creature Attack | 2 | |
| Freezing Breath | 1 | |
5 total
» buildings
| Graveyard | 1 | |
| Altar of Darkness | 1 | |
| Tomb of Relics | 1 | |
| Crypt | 1 | |
| Ziggurat | 17 | |
| Necropolis | 2 | |
| Halls of the Dead | 1 | |
| Black Citadel | 1 | |
| Sacrificial Pit | 1 | |
| Boneyard | 5 | |
| Spirit Tower | 17 | |
| Nerubian Tower | 2 | |
50 total
» build order
00:47 Graveyard
00:54 Altar of Darkness
01:01 Tomb of Relics
01:06 Crypt
01:15 Ziggurat
01:45 Ziggurat
04:13 Ziggurat
05:35 Necropolis
07:14 Halls of the Dead
10:00 Black Citadel
10:29 Necropolis
12:42 Sacrificial Pit
12:55 Ziggurat
12:58 Ziggurat
13:02 Ziggurat
13:49 Ziggurat
13:55 Ziggurat
13:59 Ziggurat
14:03 Ziggurat
15:47 Boneyard
16:04 Spirit Tower
16:06 Nerubian Tower
16:08 Spirit Tower
16:10 Spirit Tower
16:12 Spirit Tower
16:14 Spirit Tower
17:02 Boneyard
17:09 Boneyard
17:15 Boneyard
17:23 Boneyard
17:32 Spirit Tower
17:35 Spirit Tower
17:37 Nerubian Tower
19:14 Spirit Tower
25:30 Ziggurat
25:34 Ziggurat
25:39 Ziggurat
25:48 Ziggurat
25:52 Ziggurat
25:56 Ziggurat
26:03 Ziggurat
26:23 Spirit Tower
26:23 Spirit Tower
26:41 Spirit Tower
26:46 Spirit Tower
26:54 Spirit Tower
26:54 Spirit Tower
26:54 Spirit Tower
26:57 Spirit Tower
26:58 Spirit Tower
» items
| Rod of Necromancy | 2 | |
| Potion of Healing | 7 | |
| Potion of Mana | 3 | |
| Scroll of Speed | 1 | |
| Orb of Corruption | 2 | |
| Scroll of Healing | 3 | |
| Scroll of Town Portal | 1 | |
| Dust of Appearance | 1 | |
20 total
OWNEDORCGOD (
red | 56 APM | 2289 actions | 41:02)
4 Keeper of the Grove
2 Entangling Roots
2 Thorns Aura
4 Priestess of the Moon
2 Searing Arrows
2 Trueshot Aura
2 Demon Hunter
1 Immolation
1 Evasion
» actions
| Build / train | 155 | |
| Enter build submenu | 26 | |
| Enter hero's abilities submenu | 10 | |
| Give item / drop item | 2 | |
| Remove unit from queue | 9 | |
| Right click | 1669 | |
| Select / deselect | 330 | |
| Use ability | 88 | |
2289 total
» units
| Wisp | 23 | |
| Goblin Shredder | 5 | |
| Chimaera | 41 | |
| Hippogryph | 16 | |
| Frost Wyrm | 6 | |
91 total
» upgrades
| Corrosive Breath | 1 | |
| Strength of the Wild | 3 | |
| Reinforced Hides | 1 | |
5 total
» buildings
| Altar of Elders | 3 | |
| Moon Well | 8 | |
| Tree of Ages | 4 | |
| Tree of Eternity | 3 | |
| Ancient of Wind | 2 | |
| Chimaera Roost | 3 | |
| Tree of Life | 2 | |
| Ancient of Wonders | 1 | |
| Hunter's Hall | 1 | |
27 total
» build order
00:09 Altar of Elders
00:10 Moon Well
00:12 Altar of Elders
02:01 Tree of Ages
02:01 Tree of Ages
02:02 Tree of Ages
02:06 Moon Well
02:20 Moon Well
03:19 Moon Well
04:22 Tree of Eternity
04:22 Tree of Eternity
04:23 Tree of Eternity
04:29 Ancient of Wind
07:08 Chimaera Roost
07:12 Chimaera Roost
07:18 Chimaera Roost
07:49 Tree of Life
08:52 Ancient of Wonders
09:00 Hunter's Hall
10:21 Moon Well
11:29 Moon Well
12:08 Moon Well
13:23 Moon Well
13:29 Ancient of Wind
19:09 Tree of Life
27:05 Altar of Elders
» items
| Orb of Venom | 6 | |
| Periapt of Vitality | 1 | |
| Circlet of Nobility | 4 | |
11 total
Chat log
(01:01 / Allies) AcidicSemen: can i get hundy?
(01:46 / Allies) AcidicSemen: your hero prob gonna get stuck dude
(03:01 / Allies) ElfIsNoobRace: that's my expo blue
(03:06 / Allies) ElfIsNoobRace: go awat
(03:08 / Allies) ElfIsNoobRace: go away
(03:17 / Allies) AcidicSemen: OJ he beat you to it bruh
(03:30 / Allies) ElfIsNoobRace: I was on my wa y there first
(03:34 / Allies) ElfIsNoobRace: and its not his natural expo
(03:35 / Allies) AcidicSemen: you would not be able to clear it with your current units
(03:42 / Allies) ElfIsNoobRace: I was gonna tree creep it
(03:45 / Allies) ElfIsNoobRace: but he rushed tosteal it
(04:29 / Allies) AcidicSemen: look
(04:32 / Allies) AcidicSemen: green is jacking mine
(04:43 / Allies) AcidicSemen: not gonna tk over it
(04:47 / Allies) ElfIsNoobRace: you are an oobie fiend bot so that's okay
(05:04 / Allies) AcidicSemen: green assist plz
(05:23 / Allies) AcidicSemen: gg
(05:29 / All) ElfIsNoobRace: Blue is noob tk
(05:31 / All) AcidicSemen: GG
(05:32 / Allies) AWitchMayWeBurn: lawl
(05:37 / All) AcidicSemen: kids are fighting over a mine
(05:41 / All) OWNEDORCGOD: OH COME
(05:47 / All) ElfIsNoobRace: Blue is a big baby
(05:50 / All) OWNEDORCGOD: just enjoy play game
(05:53 / Allies) AWitchMayWeBurn: what's that about
(05:54 / All) OWNEDORCGOD: fucking noobs
(06:01 / All) AcidicSemen: we tried but oj is 4
(06:15 / All) OWNEDORCGOD: fucking idiot ever
(06:33 / All) OWNEDORCGOD: so many expo mine
(06:33 / All) ElfIsNoobRace: Blue is an entitled prick
(06:35 / All) OWNEDORCGOD: right?
(06:44 / All) AcidicSemen: OJ youre the littl ebitch that was crying
(06:46 / All) OWNEDORCGOD: LOOK AT HOW MANY EXPO THIS MAP?!
(06:48 / All) AcidicSemen: you should have just taken the other mine
(06:48 / All) ElfIsNoobRace: I didn't cry
(06:57 / All) AcidicSemen: you were pretty mad bro
(06:58 / All) ElfIsNoobRace: I took what was rightfully mine
(07:03 / All) ElfIsNoobRace: I wasn't mad at all lawl
(07:07 / All) AcidicSemen: its not rightfully yours
(07:14 / All) ElfIsNoobRace: I'm chilling drinking vodka and dr peppe and playin war3 tking some scrub
(07:30 / All) ElfIsNoobRace: and I only even killed a few peasants
(07:31 / All) AcidicSemen: uhh..
(07:32 / All) ElfIsNoobRace: to ward him off
(08:43 / Allies) ElfIsNoobRace: mind if I join creeping?
(08:51 / Allies) AWitchMayWeBurn: go ahead
(08:54 / Allies) ElfIsNoobRace: ty
(09:24 / Allies) ElfIsNoobRace: got this retard level 1 am going around
(12:15 / Allies) ElfIsNoobRace: dumb faggot blue
(13:45 / Allies) ElfIsNoobRace: ty for repairing my mine dumb bitch
(16:53 / Allies) AWitchMayWeBurn: purp
(16:54 / Allies) AWitchMayWeBurn: finihs hlal
(16:56 / Allies) AWitchMayWeBurn: his nec
(18:07 / Allies) AcidicSemen: archers green
(18:15 / Allies) AWitchMayWeBurn: use my archers
(18:26 / Allies) AWitchMayWeBurn: blue still here
(18:54 / All) ElfIsNoobRace: lol
(19:01 / All) ElfIsNoobRace: force tp mass chim with a few arches and potm
(19:35 / All) ElfIsNoobRace: chims do magic damage vs groun rigght?
(19:44 / Allies) AcidicSemen: yes
(19:47 / Allies) AcidicSemen: and seige against building
(19:51 / Allies) ElfIsNoobRace: thought so ty
(19:57 / Allies) AcidicSemen: expo there
(20:24 / Allies) ElfIsNoobRace: wood>
(20:26 / Allies) ElfIsNoobRace: ?
(20:48 / Allies) ElfIsNoobRace: ty
(20:55 / Allies) ElfIsNoobRace: staff blue
(21:12 / Allies) ElfIsNoobRace: great he's using your wells lol
(21:26 / Allies) AWitchMayWeBurn: blue please leave you insuffereable queer
(22:24 / Allies) ElfIsNoobRace: ty purp
(22:29 / Allies) ElfIsNoobRace: had to deal with that homo all game
(23:30 / All) ElfIsNoobRace: that bitch finally is gone
(23:30 / All) DOMINATE-WORLD: blue lawl
(23:33 / All) ElfIsNoobRace: ahhh, peace and quiet
(24:10 / All) AWitchMayWeBurn: BLUE IS NOT THE LAW
(24:12 / All) AWitchMayWeBurn: I AM THE LAW
(24:14 / All) AcidicSemen: LOL
(24:16 / All) AcidicSemen: And you hack pink
(24:58 / All) AcidicSemen: lag hack
(25:00 / All) ElfIsNoobRace: acidic semen is being dropped
(25:00 / All) AWitchMayWeBurn: pink you are a bigger fag than blue!
(25:11 / All) AWitchMayWeBurn: big accomplishment!
(27:04 / All) AWitchMayWeBurn: I AM THE LAW
(27:43 / All) AWitchMayWeBurn: MA IS NOT THE LAW
(27:45 / All) AWitchMayWeBurn: ... I AM THE LAW!
(29:45 / All) AWitchMayWeBurn: 20 YEARS IN THE ISO CUBES< PEPR
(32:14 / All) ElfIsNoobRace: oh onkly redi s here
(32:59 / All) DOMINATE-WORLD: wtf
(33:01 / All) DOMINATE-WORLD: 200 moon wells
(33:59 / All) DOMINATE-WORLD: lawl
(34:05 / All) DOMINATE-WORLD: my hero died form warden shadow strike
(35:07 / All) ElfIsNoobRace: teal noob
(35:10 / All) AWitchMayWeBurn: I AM THE LAW
(35:12 / All) DOMINATE-WORLD: quake woot
(35:38 / All) OWNEDORCGOD: i jsut dont get it
(36:48 / All) AWitchMayWeBurn: Fite me noob
(37:12 / All) OWNEDORCGOD: this is silly!
(41:15 / All) ElfIsNoobRace: I say blue lose but you team has 3 legit
(41:19 / All) DOMINATE-WORLD: only red a little
(41:27 / All) AWitchMayWeBurn: stats
(41:33 / All) DOMINATE-WORLD: blue lose i say
(41:41 / All) AWitchMayWeBurn: I say drop hacker lose
(41:42 / All) DOMINATE-WORLD: yel 22-31
(41:45 / All) AWitchMayWeBurn: Did pink have mh
(41:47 / All) ElfIsNoobRace: who is drop hacke
(41:52 / All) DOMINATE-WORLD: pink 5-9
(41:53 / All) AWitchMayWeBurn: Pink the hacker
(41:53 / All) ElfIsNoobRace: looked like purp just lagged
(42:03 / All) DOMINATE-WORLD: no he wasnt lawl
(42:08 / All) AWitchMayWeBurn: PINK HAX
(42:10 / All) DOMINATE-WORLD: my team has shitty rec
(43:31 / All) ElfIsNoobRace: who loses
(43:37 / All) AWitchMayWeBurn: blue
(43:41 / All) ElfIsNoobRace: k